AoeStats
← 知耻而后勇喜笑颜开

Arabia

508616032Analyzed
1v1 RM · 9d ago on Sep 23, 2026· 26m 8s· 2 players
Game mode
Random Map
Map size
Tiny (2 player)
Population
200
Speed
Normal
Resources
Standard
Victory
Conquest
Starting age
Dark Age
Ending age
Imperial Age
RankedLock teamsTeams togetherTeam positionsShared explorationLock speedFull tech treeHidden civsTurbo modeCheats
Victory
Defeat
1384
+14
🇦🇹 Mongols · Austria
1341
-14
King Geedorah
6:00 Loom
8:28 Feudal Age
9:31 Double-Bit Axe
19:55 Castle Age
17:50 Horse Collar
18:02 Gold Mining
18:40 Fletching
19:36 Bloodlines
24:04 Bow Saw
知耻而后勇喜笑颜开
8:24 Feudal Age
8:53 Double-Bit Axe
9:21 Loom
10:12 Wheelbarrow
10:09 Horse Collar
10:16 Town Watch
17:08 Forging
17:04 Gold Mining
17:48 Arson
21:27 Castle Age
19:15 Arson
20:03 Scale Mail Armor
19:45 Man-at-Arms
21:35 Long Swordsman
22:00 Gambesons
22:16 Squires
23:00 Bow Saw
24:13 Chain Mail Armor
26:15 Fletching
Connection lost

Rejoining the realm…

Still unreachable

The connection could not be restored.

Session expired

The server has moved on; the page needs a fresh start.